 Dungeon Crawl Stone Soup version 0.16.1-2-g95b8d4c (webtiles) character file.

5383 wojtek the Slicer (level 10, -3/64 HPs)
             Began as a Kobold Assassin on Mar 24, 2015.
             Was a Follower of Makhleb.
             Slain by a giant frog (6 damage)
             ... on level 9 of the Dungeon.
             The game lasted 00:25:48 (15454 turns).

wojtek the Slicer (Kobold Assassin)                Turns: 15454, Time: 00:25:48

Health: -3/64      AC: 12    Str: 11    XL:     10   Next: 98%
Magic:  15/15      EV: 22    Int: 12    God:    Makhleb [*.....]
Gold:   469        SH:  7    Dex: 22    Spells: 0 memorised, 9 levels left

rFire  + . .     SeeInvis .     S - +2 rapier (holy)
rCold  . . .     Clarity  +     x - +1 scale mail {rF+}
rNeg   . . .     SustAb   .     G - +0 buckler
rPois  .         Gourm    .     r - +0 helmet
rElec  .         Spirit   .     d - +0 cloak (curse)
rCorr  .         Warding  .     (no gloves)
rMut   .         Stasis   .     B - +0 pair of boots
MR     .....                    O - amulet of clarity
Stlth  +++.......               (no ring)
                                (no ring)

@: agile, not resistant to hostile enchantments, fairly stealthy
A: carnivore 3
a: Renounce Religion


You were on level 9 of the Dungeon.
You worshipped Makhleb.
Makhleb was aware of your devotion.
You were completely stuffed.

You visited 2 branches of the dungeon, and saw 10 of its levels.

You collected 469 gold pieces.

Inventory:

Hand weapons
 a - a +2 dagger
 b - a +0 blowgun
 N - a +0 whip of pain
 S - a +2 rapier of holy wrath (weapon)
Missiles
 e - 43 poisoned needles
 f - 5 curare-tipped needles
 s - 2 throwing nets (quivered)
 L - 7 tomahawks of dispersal
Armour
 d - a cursed +0 cloak (worn)
 r - a +0 helmet (worn)
 x - a +1 scale mail of fire resistance (worn)
 B - a +0 pair of boots (worn)
 G - a +0 buckler (worn)
Jewellery
 D - an uncursed amulet of guardian spirit
 O - an amulet of clarity (around neck)
 V - an uncursed ring of ice
Magical devices
 c - a wand of disintegration (0)
 u - a wand of confusion (20)
 I - a wand of paralysis (11)
 P - a wand of flame (20)
 X - a wand of disintegration (9)
 Z - a wand of digging (11)
Scrolls
 h - 3 scrolls of random uselessness {unknown}
 j - 3 scrolls of magic mapping
 k - 7 scrolls of identify
 n - 2 scrolls of amnesia
 v - 2 scrolls of fear {unknown}
 w - 6 scrolls of remove curse
 y - 3 scrolls of enchant armour {unknown}
 A - a scroll of recharging {unknown}
 F - 3 scrolls of enchant weapon {unknown}
 K - 2 scrolls of teleportation {unknown}
 M - a scroll of immolation {unknown}
 R - a scroll of brand weapon {unknown}
 Y - a scroll of vulnerability {unknown}
Potions
 i - a potion of heal wounds {unknown}
 l - 2 potions of might
 m - a potion of invisibility
 o - 5 potions of curing
 p - a potion of mutation {unknown}
 q - a potion of restore abilities
 t - 3 potions of flight
 H - a potion of berserk rage {unknown}
 J - a potion of resistance {unknown}
 Q - a potion of agility
 U - a potion of lignification {unknown}
 W - a potion of poison {unknown}
Books
 T - a book of Clouds

   Spells                             Type                      Level
   a - Mephitic Cloud                 Conjuration/Poison/Air       3
   b - Conjure Flame                  Conjuration/Fire             3
   c - Poisonous Cloud                Conjuration/Poison/Air       6
   d - Freezing Cloud                 Conjuration/Ice/Air          6
   e - Ring of Flames                 Charms/Fire                  7
Comestibles
 g - 6 meat rations
 z - 5 slices of pizza
 C - 2 beef jerkies
 E - 2 royal jellies


   Skills:
 + Level 7.9 Fighting
 - Level 9.1 Short Blades
 - Level 2.6 Throwing
 + Level 6.9 Armour
 + Level 8.2 Dodging
 - Level 5.3 Stealth
 + Level 3.7 Shields
 + Level 3.1 Invocations


You had 9 spell levels left.
You didn't know any spells.

Dungeon Overview and Level Annotations

Branches:
Dungeon (9/15)             Temple (1/1) D:7             Orc (0/4) D:9
   Lair: D:8-11

Altars:
Ashenzari
Cheibriados
Dithmenos
Elyvilon
Fedhas
Gozag
Kikubaaqudgha
Makhleb
Nemelex Xobeh
Okawaru
Qazlal
Sif Muna
Trog
Vehumet
Xom
Yredelemnul
Zin
The Shining One

Shops:
D:4 *

Annotations:
D:8 exclusion: 2 oklob saplings


Innate Abilities, Weirdness & Mutations

You are small and have problems with some larger weapons.
You are carnivorous and can eat meat at any time.


Message History

You block the giant frog's attack. The giant frog closely misses you.
The centaur shoots an arrow.
The arrow hits you.
* * * LOW HITPOINT WARNING * * *
The orc warrior hits you from afar with a halberd!
* * * LOW HITPOINT WARNING * * *
You see here an arrow.
The giant frog barely misses you.
Read which item? (? for menu, Esc to quit)
Okay, then.
Drink which item? (? for menu, Esc to quit)
It was a potion of restore abilities.
You feel refreshed. The giant frog misses you.
Read which item? (? for menu, Esc to quit)
Okay, then.
Drink which item? (? for menu, Esc to quit)
It was a potion of agility.
You feel agile all of a sudden. The giant frog hits you.
You die...

#........###..........)..
...##...................##...
........(...............##...
.......##........).##........
......##....##....##........
...........o##.............)
..........cp................
###..#####F#...####...#...#
...# #@#.......#..#...# ###
#.#.......####...รท
#.#..............#
#.#..........)...#
#.#..............#
#.#########+##+#'# #..
........ ... ....... ##.
......#


You could see a human, an orc warrior, a giant frog and a centaur.

Vanquished Creatures
  2 centaur skeletons (D:7)
  4 wandering mushrooms (D:8)
  Eustachio (D:7)
  A hungry ghost (D:8)
  A hippogriff (D:8)
  A warg (D:9)
  A water moccasin (D:9)
  2 orc warriors
  3 sky beasts
  4 ice beasts
  9 ogres
  4 centaurs
  A necrophage (D:7)
  4 giant frogs
  2 big kobolds
  5 scorpions
  2 crimson imps
  A goliath beetle (D:7)
  5 hounds
  2 jellies
  9 orc priests
  4 orc wizards
  2 iguanas
  2 quasits
  7 worker ants
  A hound skeleton (D:4)
  A mummy (D:7)
  13 gnolls
  A river rat (D:4)
  15 adders
  A shadow imp (D:8)
  A giant mite (D:4)
  5 worms
  An adder skeleton (D:4)
  7 giant geckos
  2 oozes
  28 orcs
  A bat skeleton (D:4)
  10 giant cockroaches
  14 hobgoblins
  18 jackals
  4 quokkas
  A ball python (D:8)
  15 bats
  6 giant newts
  17 goblins
  A jackal skeleton (D:4)
  16 kobolds
  A quokka skeleton (D:7)
  A quokka zombie (D:5)
  20 rats
280 creatures vanquished.

Notes
Turn   | Place    | Note
--------------------------------------------------------------
     0 | D:1      | wojtek, the Kobold Assassin, began the quest for the Orb.
     0 | D:1      | Reached XP level 1. HP: 12/12 MP: 1/1
   124 | D:1      | Reached XP level 2. HP: 15/17 MP: 2/2
   512 | D:1      | Reached XP level 3. HP: 21/21 MP: 3/3
  1403 | D:2      | Reached skill level 5 in Short Blades
  1742 | D:2      | Reached XP level 4. HP: 22/26 MP: 4/4
  1995 | D:3      | Found a bloodstained altar of Trog.
  2055 | D:3      | Reached skill level 6 in Short Blades
  2306 | D:3      | Reached XP level 5. HP: 30/30 MP: 5/5
  2595 | D:3      | Reached skill level 7 in Short Blades
  3354 | D:4      | Reached XP level 6. HP: 24/35 MP: 6/6
  3415 | D:4      | Reached skill level 8 in Short Blades
  4377 | D:4      | Reached skill level 9 in Short Blades
  4621 | D:4      | Reached XP level 7. HP: 40/40 MP: 7/7
  4970 | D:4      | Found a shattered altar of Ashenzari.
  5324 | D:4      | Found Hame's Assorted Antiques.
  5503 | D:5      | Entered Level 5 of the Dungeon
  6247 | D:5      | Reached XP level 8. HP: 18/48 MP: 2/8
  6436 | D:5      | Reached skill level 5 in Fighting
  6436 | D:5      | Reached skill level 5 in Dodging
  7114 | D:6      | Reached skill level 1 in Armour
  7806 | D:6      | Reached XP level 9. HP: 50/55 MP: 9/9
  8418 | D:6      | Reached skill level 5 in Armour
  9919 | D:7      | Noticed a centaur skeleton
  9949 | D:7      | Killed a centaur skeleton
  9949 | D:7      | Reached skill level 1 in Shields
 10251 | D:7      | Found a white marble altar of Elyvilon.
 10252 | D:7      | Found a blossoming altar of Fedhas.
 10437 | D:7      | Reached XP level 10. HP: 35/61 MP: 7/10
 10677 | D:7      | You fall through a shaft for 2 floors!
 11870 | D:7      | Found a staircase to the Ecumenical Temple.
 11870 | D:7      | Noticed Eustachio
 11906 | D:7      | Killed Eustachio
 11915 | Temple   | Entered the Ecumenical Temple
 12268 | Temple   | Became a worshipper of Makhleb the Destroyer
 12766 | D:8      | Reached skill level 1 in Invocations
 13277 | D:8      | Found a basalt altar of Yredelemnul.
 13278 | D:8      | Noticed a profane servitor
 13282 | D:8      | Found a glowing golden altar of the Shining One.
 13283 | D:8      | Noticed an angel
 13493 | D:8      | Found a blossoming altar of Fedhas.
 14891 | D:9      | Acquired Makhleb's first power
 14893 | D:9      | Found a staircase to the Orcish Mines.
 15451 | D:9      | HP: 3/64 [orc warrior/halberd (7)]
 15454 | D:9      | Slain by a giant frog

Action                   |  1- 3 |  4- 6 |  7- 9 | 10-12 || total
-------------------------+-------+-------+-------+-------++-------
Melee: Dagger            |   106 |   296 |   779 |   143 ||  1324
       Rapier            |       |       |       |   460 ||   460
 Fire: Blowgun           |       |    15 |    34 |     5 ||    54
  Use: Potion            |       |     3 |     1 |     2 ||     6
       Scroll            |       |       |     4 |       ||     4
 Stab: Sleeping          |    13 |     6 |    12 |     5 ||    36
       Distracted        |       |     2 |     1 |     1 ||     4
  Eat: Chunk             |    10 |    10 |    19 |    21 ||    60
